 Dungeon Crawl Stone Soup version 0.31-a0-167-g1c394c0614 (webtiles) character file.

Game seed: 9455883729718825172

21 qw the Shield-Bearer (level 2, 0/19 HPs)
             Began as a Gargoyle Fighter on June 14, 2023.
             Killed from afar by an orc wizard (6 damage)
             ... with a magic dart
             ... on level 3 of the Dungeon.
             The game lasted 00:00:21 (879 turns).

qw the Shield-Bearer (Gargoyle Fighter)              Turns: 879, Time: 00:00:22

Health: 0/19       AC: 10    Str: 19    XL:     2   Next: 87%
Magic:  2/2        EV:  8    Int:  8    God:
Gold:   66         SH:  7    Dex:  9    Spells: 1/1 levels left

rFire   . . .        Y - +0 war axe
rCold   . . .        f - +0 kite shield
rNeg    + . .        b - +0 scale mail
rPois   inf          (no helmet)
rElec   +            (no cloak)
rCorr   .            j - +0 pair of gloves
SInv    .            (no boots)
Will    .....        (no amulet) Stlth
                     (no ring)
HPRegen 0.23/turn    (no ring)
MPRegen 0.08/turn

%: no passive effects
@: no status effects
A: sickness immunity, AC +2, negative energy resistance 1, electricity
resistance, torment resistance 1, petrification resistance
a: no special abilities


You were on level 3 of the Dungeon.
You visited 1 branch of the dungeon, and saw 3 of its levels.

You collected 66 gold pieces.


Innate Abilities, Weirdness & Mutations

You are immune to sickness and miasma.
Your stone body is resilient. (AC +2)
You are immune to poison.
You resist negative energy. (rN+)
You are resistant to electric shocks. (rElec)
You are resistant to unholy torment.
You are immune to petrification.


   Skills:
 - Level 3.2 Fighting
 - Level 3.0 Axes
 - Level 3.2 Armour
 + Level 3.3 Shields


You had one spell level left.
You didn't know any spells.
Your spell library was empty.

Inventory:

Hand Weapons
 l - a +0 flail
 Y - a +0 war axe (weapon)
Armour
 b - a +0 scale mail (worn)
 f - a +0 kite shield (worn)
 j - a +0 pair of gloves (worn)
Scrolls
 a - a scroll of teleportation
 c - a scroll of blinking {unknown}
 e - a scroll of fear {unknown}
Potions
 d - a potion of might
 g - a potion of degeneration {unknown}
 i - a potion of enlightenment {unknown}
 k - a potion of curing {unknown}

Dungeon Overview and Level Annotations

Branches:
Dungeon (2/15)

Altars:


Message History

The kobold hits you but does no damage. x2
You slash the kobold!
You kill the kobold!
You start resting.
HP restored.
Found a trident.
You see here a +0 dagger.
An orc and 2 orc wizards come into view.
The orc wizard shouts!
The orc shouts!
The orc wizard shouts!
You hear a shout!
The orc wizard casts a spell.
The orc wizard flickers and vanishes!
Deactivating autopickup; reactivate with Ctrl-A. 2 orcs come into view.
The orc shouts! x2
An orc comes into view. It is wielding a +0 trident.
The orc shouts!
A hobgoblin comes into view.
The hobgoblin shouts!
You slash the orc wizard!
The orc wizard is severely wounded.
The orc wizard points at you and mumbles some strange words.
The magic dart hits you!
The orc wizard hits you but does no damage.
The orc hits you but does no damage. You block the orc's attack.
You closely miss the orc wizard.
The orc wizard is severely wounded.
You completely miss the orc. You hit the orc. You hit something.
The orc wizard hits you with a +0 dagger.
You block something's attack. The orc barely misses you.
The orc hits you with a +0 whip. The orc hits you with a +0 dagger.
You closely miss the orc wizard.
The orc wizard is severely wounded.
You slash the orc!
You kill the orc!
You barely miss something. You hit the orc.
You kill the orc!
Something hits you but does no damage. The orc wizard casts a spell at you.
The magic dart hits you.
You die...

#... ..( #..........
## .. .# #..........
#.##.## .# #..........
.....# .###..........
#.#.####.##).g...=....
#........##...........
#.......###...){o.....
#.......###...@)o.....
#.###.....#.(.o.......
## #....).)...........
#..###.#....#######
#### #.####.# ..# ....
#### #.### #.#


You could see an orc wizard, 2 orcs and a hobgoblin.

Vanquished Creatures
  3 dart slugs
  2 orcs (D:3)
  2 ball pythons (D:1)
  2 endoplasms
  A goblin (D:1)
  A hobgoblin (D:2)
  A quokka (D:1)
  3 frilled lizards (D:1)
  2 kobolds
17 creatures vanquished.

Notes
Turn   | Place    | Note
-------+----------+-------------------------------------------
     0 | D:1      | qw the Gargoyle Fighter began the quest for the Orb.
     0 | D:1      | Reached XP level 1. HP: 14/14 MP: 1/1
     0 | D:1      | 0 ||| qw: Version: 0.2-a-29-g1fa15c8
     0 | D:1      | 0 ||| qw: Game counter: 4924
     0 | D:1      | 0 ||| qw: Always use a shield: true
     0 | D:1      | 0 ||| qw: God list: Okawaru
     0 | D:1      | 0 ||| qw: Allow faded altars: false
     0 | D:1      | 0 ||| qw: Do Orc after D:15 true
     0 | D:1      | 0 ||| qw: Do second Lair branch before Depths: true
     0 | D:1      | 0 ||| qw: Lair rune preference: random
     0 | D:1      | 0 ||| qw: Plans: Normal, Zot:1-4, Slime:5, God:TSO, Crypt,
                  | Tomb, Abyss, Pan, Hells, Win
     0 | D:1      | 0 ||| PLANNING D:1-11
   118 | D:1      | Reached XP level 2. HP: 17/19 MP: 2/2
   330 | D:1      | 330 ||| FLEEEEING.
   331 | D:1      | 331 ||| FLEEEEING.
   333 | D:1      | 333 ||| FLEEEEING.
   334 | D:1      | 334 ||| FLEEEEING.
   338 | D:1      | 338 ||| FLEEEEING.
   339 | D:1      | 339 ||| FLEEEEING.
   340 | D:1      | 340 ||| FLEEEEING.
   633 | D:1      | 633 ||| UPGRADING to +0 kite shield.
   643 | D:1      | 643 ||| DROPPING +0 buckler.
   644 | D:1      | 644 ||| UPGRADING to +0 pair of gloves.
   649 | D:1      | 649 ||| READING 2 scrolls labelled GOSUDWYICHE.
   830 | D:2      | Reached skill level 3 in Axes
   841 | D:2      | You fall into a shaft and drop 1 floor!
   851 | D:3      | 851 ||| DROPPING +0 mace.
   879 | D:3      | Killed from afar by an orc wizard

Levels and vault maps discovered:
D:1:      tarquinn_simple_flora_water_e, layout_loops_ring
D:2:      layout_loops_ring, shapermc_ecumenical_altar_petra,
          minmay_misc_feat_plants
D:3:      layout_basic, nicolae_wu_jian_glorious_leap, dk_vineyard_2,
          minmay_shallow_snake_nest

Skill      XL: |  1  2 |
---------------+-------+-----
Axes           | 2 3 |  3.0
Fighting       | |  3.2
Armour         | |  3.2
Shields        | |  3.3

Action                     || total
---------------------------++-------
  Melee: War axe           ||    34
    Use: Scroll            ||     1
 Armour: Scale mail        ||    15
  Dodge: Dodged            ||     9
  Block: Buckler           ||     1
         Kite shield       ||     5

Table legend:
 A = Non-vault XP
 B = Vault XP
 C = Vault XP percentage of total XP
 D = Non-vault monster count
 E = Vault monster count
 F = Vault count percentage of total count
                 A         B        C        D         E       F
            +---------+---------+-------+---------+---------+-------
      Total |      37 |       0 |   0.0 |      17 |       0 |   0.0
            +---------+---------+-------+---------+---------+-------
        D:1 |      21 |       0 |   0.0 |      10 |       0 |   0.0
        D:2 |       9 |       0 |   0.0 |       4 |       0 |   0.0
        D:3 |       7 |       0 |   0.0 |       3 |       0 |   0.0
            +---------+---------+-------+---------+---------+-------
